 Dungeon Crawl Stone Soup version 0.29.1-15-g9cfb28693d (webtiles) character file.

Game seed: 9852239929029982393

49 growler the Insei (level 3, -1/39 HPs)
             Began as a Merfolk Transmuter on Mar 16, 2023.
             Slain by Jessica
             ... wielding a +0 dagger
              (3 damage)
             ... on level 2 of the Dungeon.
             The game lasted 00:03:24 (2689 turns).

growler the Insei (Merfolk Transmuter)              Turns: 2689, Time: 00:03:25

Health: -1/39      AC: 21    Str: 10    XL:     3   Next: 77%
Magic:  6/7        EV:  2    Int: 14    God:
Gold:   59         SH:  0    Dex: 14    Spells: 1/7 levels left

rFire   . . .      SeeInvis .     - Unarmed
rCold   . . .      Faith    .   (no shield)
rNeg    . . .      Spirit   .   (body armour currently unavailable)
rPois   +          Reflect  .   (helmet currently unavailable)
rElec   .          Harm     .   (cloak currently unavailable)
rCorr   .          Rampage  .   (gloves currently unavailable)
Will    .....      NoTele   +   (boots currently unavailable)
Stlth   +.........              (no amulet)
HPRegen 0.13/turn               (no ring)
MPRegen 0.10/turn               (no ring)

@: tree-form, slowed, very slow
A: stationary, stasis, torment immunity, boosted hp, (nimble swimmer 2),
(mertail)
a: no special abilities


You were on level 2 of the Dungeon.
You were a tree.
You visited 1 branch of the dungeon, and saw 2 of its levels.

You collected 59 gold pieces.

Inventory:

Armour
 a - a +0 robe (melded)
Scrolls
 c - a scroll of teleportation {unknown}
 e - a scroll of identify {unknown}
 f - a scroll of amnesia {unknown}
 h - a scroll of fog {unknown}
Potions
 b - 2 potions of lignification
 d - a potion of magic {unknown}
 g - a potion of berserk rage {unknown}


   Skills:
 - Level 1.1 Fighting
 - Level 2.6 Dodging
 + Level 3.9 Unarmed Combat
 + Level 2.6 Spellcasting
 + Level 3.7 Transmutations


You had one spell level left.
You knew the following spells:

 Your Spells              Type           Power      Damage    Failure   Level
a - Beastly Appendage     Tmut           24%        N/A       4%          1
b - Wereblood             Tmut           12%        N/A       7%          2
c - Spider Form           Tmut/Pois      7%         N/A       30%         3

Your spell library contained the following spells:

 Spells                   Type           Power      Damage    Failure   Level
 Gell's Gravitas          Tloc           1%         N/A       54%         3
 Lesser Beckoning         Tloc           1%         N/A       54%         3
 Teleport Other           Tloc           1%         N/A       54%         3
 Ice Form                 Ice/Tmut       7%         N/A       71%         4


Dungeon Overview and Level Annotations

Branches:
Dungeon (2/15)

Altars:

Annotations:
D:2 Jessica


Innate Abilities, Weirdness & Mutations

You are a tree.
Your roots penetrate the ground, keeping you stationary.
You cannot be teleported.
You are immune to unholy pain and torment.
Your maximum health is greatly increased.
Your equipment is partially melded.
((You are very nimble when in or above water. (Stealth+, EV+, Speed+++)))
((Your lower body shifts to a powerful aquatic tail in water.))


Message History

Jessica is moderately wounded.
Jessica mumbles some strange words.
Jessica seems to speed up.
Your magical contamination has completely faded away.
You closely miss Jessica.
Jessica is moderately wounded.
Jessica hits you with a +0 dagger.
You barely miss Jessica.
Jessica is moderately wounded.
Jessica closely misses you. Jessica gestures at you while chanting.
You feel yourself slow down.
You barely miss Jessica.
Jessica is moderately wounded.
Jessica hits you with a +0 dagger. Jessica closely misses you.
You hit Jessica. Your headbutt misses Jessica.
Jessica is heavily wounded.
Your horns disappear.
Jessica misses you.
Jessica points at you and mumbles some strange words.
You barely resist. You closely miss Jessica.
Jessica is heavily wounded.
Jessica misses you. Jessica closely misses you.
You barely miss Jessica.
Jessica is heavily wounded.
Jessica casts a spell at you. Pain shoots through your body!
* * * LOW HITPOINT WARNING * * *
Jessica hits you with a +0 dagger.
* * * LOW HITPOINT WARNING * * *
Really quaff the potion of lignification?
Uppercase [Y]es or [N]o only, please.
Really quaff the potion of lignification?
You turn into a tree.
Your +0 robe melds into your body.
Your roots penetrate the ground.
Jessica hits you but does no damage. x2
You hit Jessica.
Jessica is severely wounded.
Jessica hits you but does no damage. x2; Jessica hits you with a +0 dagger.
You die...

#. #. # #.# # ## ## #.#
# ##. .### ##.# ###
..#.. ...##.####.. # ...
###.##....... .##.###@#
#........<... .......♣#
##.#.##..###.#
.......)###....##..# #.#
##.###.............###.#
#.####...<........# #.
##.#####.#####
#.#####.#####.# #
#.........†...# #
#######)...........
#############


You could see Jessica (fast).

Vanquished Creatures
  An adder (D:2)
  2 worms (D:2)
  A dart slug (D:2)
  3 ball pythons
  An endoplasm (D:1)
  2 giant cockroaches (D:1)
  2 goblins (D:2)
  5 hobgoblins
  A jackal (D:2)
  2 quokkas
  2 bats (D:1)
  2 frilled lizards
  4 kobolds
  3 rats
31 creatures vanquished.

Notes
Turn   | Place    | Note
-------+----------+-------------------------------------------
     0 | D:1      | growler the Merfolk Transmuter began the quest for the Orb.
     0 | D:1      | Reached XP level 1. HP: 15/15 MP: 3/3
   587 | D:1      | Reached XP level 2. HP: 21/21 MP: 3/5
   590 | D:1      | Learned a level 2 spell: Wereblood
  1696 | D:2      | Reached XP level 3. HP: 15/26 MP: 6/6
  1703 | D:2      | Learned a level 3 spell: Spider Form
  2485 | D:2      | Found a faded altar of an unknown god.
  2666 | D:2      | Noticed Jessica
  2687 | D:2      | HP: 1/26 [Jessica/+0 dagger (2)]
  2689 | D:2      | Slain by Jessica

Illustrated notes

Levels and vault maps discovered:
D:1:      eino_arrival_water_star, layout_loops_ring
D:2:      minmay_wonky_spiral, layout_loops_ring,
          hellmonk_ecumenical_altar_heavens_door,
          hangedman_abyss_or_decor_lesser_grid, nicolae_titane, uniq_jessica

Skill      XL: |  1 |
---------------+----+-----
Transmutations | 3 |  3.7
Fighting       | |  1.1
Dodging        | |  2.6
Unarmed Combat | |  3.9
Spellcasting   | |  2.6

Action                   || total
-------------------------++-------
Melee: Unarmed           ||   157
       Headbutt          ||    12
       Punch             ||     3
 Cast: Beastly Appendage ||    21
  Use: Potion            ||     1
 Stab: Sleeping          ||     2
Armor: Robe              ||    30
       Skin              ||     4
Dodge: Dodged            ||    82
